 Dungeon Crawl Stone Soup version 0.27.0-1-g7a089689b8 (webtiles) character file.

Game seed: 9450932770968688608

1430 Lochraine the Chiller (level 8, -3/48 (52) HPs)
             Began as a Merfolk Ice Elementalist on Aug 7, 2021.
             Was a Priest of Kikubaaqudgha.
             Slain by a wight (13 damage)
             ... on level 5 of the Dungeon.
             The game lasted 00:22:55 (6856 turns).

Lochraine the Chiller (Merfolk Ice Elementalist)    Turns: 6856, Time: 00:22:55

HP:   -3/48 (52)    AC:  3    Str:  8    XL:     8   Next: 73%
MP:   5/16          EV: 12    Int: 16    God:    Kikubaaqudgha [***...]
Gold: 238           SH:  5    Dex: 15    Spells: 7/18 levels left

rFire    . . .     SeeInvis .   o - staff of cold
rCold    + . .     Faith    .   (no shield)
rNeg     . . .     Spirit   .   a - +0 robe
rPois    .         Reflect  +   (no helmet)
rElec    .         Harm     .   (no cloak)
rCorr    .         Rampage  .   (no gloves)
Will     .....                  s - +0 pair of boots
Stlth    +++.......             u - amulet of reflection
HPRegen  0.16/turn              (no ring)
MPRegen  0.15/turn              (no ring)

@: drained
A: (nimble swimmer 2), mertail
a: Renounce Religion, Receive Corpses


You were on level 5 of the Dungeon.
You worshipped Kikubaaqudgha.
Kikubaaqudgha was most pleased with you.
You visited 1 branch of the dungeon, and saw 6 of its levels.

You collected 238 gold pieces.

Inventory:

Hand Weapons
 c - a +1 dagger of venom
Armour
 a - a +0 robe (worn)
 s - a +0 pair of boots (worn)
Magical Staves
 o - a staff of cold (weapon)
Jewellery
 u - an amulet of reflection (around neck)
Wands
 v - a wand of flame (15)
Scrolls
 b - a scroll of noise {unknown}
 e - 2 scrolls of identify
 g - a scroll of fear
 n - a scroll of teleportation
 p - a scroll of magic mapping {unknown}
 q - a scroll of immolation
 r - a scroll of enchant armour {unknown}
 y - a scroll of vulnerability {unknown}
 z - a scroll of blinking {unknown}
Potions
 d - 2 potions of brilliance
 f - 2 potions of degeneration {unknown}
 h - 2 potions of curing
 i - a potion of resistance
 j - a potion of heal wounds {unknown}
 k - a potion of mutation {unknown}
 l - a potion of cancellation {unknown}
 m - 3 potions of attraction {unknown}
 t - a potion of invisibility
 w - a potion of lignification {unknown}
 x - a potion of berserk rage {unknown}


   Skills:
 - Level 2.6 Dodging
 - Level 3.7 Stealth
 + Level 5.7 Spellcasting
 + Level 0.0 Conjurations
 - Level 4.5 Necromancy
 + Level 7.9 Ice Magic


You had 7 spell levels left.
You knew the following spells:

 Your Spells              Type           Power      Damage    Failure   Level
a - Freeze                Ice            100%       1d11      1%          1
b - Frozen Ramparts       Ice            88%        1d10      1%          3
c - Ozocubu's Armour      Ice            44%        N/A       1%          3
d - Hailstorm             Conj/Ice       25%        3d7       28%         4

Your spell library contained the following spells:

 Spells                   Type           Power      Damage    Failure   Level
 Animate Skeleton         Necr           38%        N/A       2%          1
 Pain                     Necr           76%        1d7       2%          1
 Sublimation of Blood     Necr           9%         N/A       3%          2
 Vampiric Draining        Necr           9%         2d7       7%          3
 Dispel Undead            Necr           19%        3d11      22%         4
 Dazzling Flash           Conj/Hex       8%         N/A       38%         3
 Agony                    Necr           19%        N/A       52%         5
 Excruciating Wounds      Necr           9%         N/A       52%         5
 Iskenderun's Mystic Bla  Conj/Tloc      4%         2d3       80%         4
 Borgnjor's Vile Clutch   Necr/Erth      5%         N/A       83%         5
 Simulacrum               Ice/Necr       18%        N/A       86%         6
 Starburst                Conj/Fire      2%         8x6d3     100%        6


Dungeon Overview and Level Annotations

Branches:
Dungeon (6/15)             Temple (0/1) D:5

Altars:
Cheibriados
Dithmenos
Kikubaaqudgha
Makhleb

Shops:
D:2 [

Annotations:
D:3 exclusion: ice beast
D:4 Menkaure
D:5 exclusion: phantom
D:6 Maggie


Innate Abilities, Weirdness & Mutations

((You are quick and stealthy near water. (Stealth+, EV+, Speed+++)))
Your lower body shifts to a powerful aquatic tail in water.


Message History

Aim: a wight, wielding a +0 great sword and wearing a +0 robe (moderately damaged)
You feel a surge of power!
You freeze the wight but do no damage.
The wight completely resists.
The wight resists.
The wall freezes the wight.
You block the wight's attack.
Casting: Freeze (safe; 1% risk of failure)
Confirm with . or Enter, or press ? or * to list all spells.
Aiming: Freeze (safe; 1% risk of failure)
Press: ? - help, Shift-Dir - straight line, f/p - wight
Aim: a wight, wielding a +0 great sword and wearing a +0 robe (moderately damaged)
You feel a surge of power!
You freeze the wight.
The wight resists.
The wight is heavily damaged.
The wight resists.
The wall freezes the wight.
The wight barely misses you.
Casting: Freeze (safe; 1% risk of failure)
Confirm with . or Enter, or press ? or * to list all spells.
Aiming: Freeze (safe; 1% risk of failure)
Press: ? - help, Shift-Dir - straight line, f/p - wight
Aim: a wight, wielding a +0 great sword and wearing a +0 robe (heavily damaged)
You feel a surge of power!
You freeze the wight.
The wight resists.
The wight is heavily damaged.
The wight completely resists.
The wall freezes the wight but does no damage.
The wight hits you with a +0 great sword!
* * * LOW HITPOINT WARNING * * *
You feel drained.
* * * LOW HITPOINT WARNING * * *
You feel better.
The wight completely resists.
The wall freezes the wight but does no damage.
The wight hits you with a +0 great sword.
* * * LOW HITPOINT WARNING * * *
Your icy armour and frozen ramparts will break if you move.
Continue?
Your icy armour cracks and falls away as you move.
The frozen ramparts melt away as you move.
Aiming: Throw Flame
Press: ? - help, Shift-Dir - straight line, f/p - wight
Aim: a wight, wielding a +0 great sword and wearing a +0 robe (heavily damaged, 68% to hit)
The puff of flame hits the wight.
The wight is severely damaged.
The wight hits you with a +0 great sword!
You die...
Kikubaaqudgha rasps: "You have failed me!
Welcome... death!"

#.#.#######.###.###.#.# ##.##
.....#................# ##...##
............###.###...###.....#
.......###### #.# #...........#
###..### #####.###.#.###.....#
# #..# #.........#.# ##...## #
#..# #.###.##....#####.##
###..# #.# #..z###.......#
.....# #.# ##@## ##.######
####.# #.# #.# #.# #.# #.# #.##
##.# #.######.#####.###..#
#..........# ##.....#
#..#####.#.# ##.#.<#
#..#####.#.#####.#|.#
#................#..#
##.####..#.####.##..#


You could see a wight.

Vanquished Creatures
  Eustachio (D:4)
  2 water moccasins
  A sky beast (D:6)
  A necrophage (D:4)
  An ogre (D:5)
  A kobold brigand (D:5)
  A scorpion (D:5)
  2 wights
  3 hounds
  An orc priest (D:3)
  Crazy Yiuf (D:5)
  5 jellies
  An iguana (D:5)
  2 orc wizards
  13 adders
  An adder skeleton (D:4)
  A worm (D:2)
  2 dart slugs
  7 orcs
  6 ball pythons
  7 endoplasms
  4 giant cockroaches
  9 hobgoblins
  6 jackals (D:2)
  7 quokkas
  8 bats
  7 frilled lizards
  8 goblins
  9 kobolds
  6 rats
124 creatures vanquished.

Notes
Turn   | Place    | Note
-------+----------+-------------------------------------------
     0 | D:1      | Lochraine the Merfolk Ice Elementalist began the quest for
                  | the Orb.
     0 | D:1      | Reached XP level 1. HP: 13/13 MP: 3/3
     2 | D:1      | Found a faded altar of an unknown god.
    10 | D:1      | Became a worshipper of Kikubaaqudgha
    10 | D:1      | Reached * piety under Kikubaaqudgha
    10 | D:1      | Received a gift from Kikubaaqudgha
   188 | D:1      | Reached XP level 2. HP: 19/19 MP: 5/5
   828 | D:1      | Reached XP level 3. HP: 24/24 MP: 4/6
  1264 | D:2      | Reached ** piety under Kikubaaqudgha
  1265 | D:2      | Reached skill level 5 in Ice Magic
  1306 | D:2      | Learned a level 3 spell: Frozen Ramparts
  1509 | D:2      | Found Tanota's Antique Armour Emporium.
  1640 | D:2      | Reached skill level 1 in Necromancy
  1786 | D:2      | Reached XP level 4. HP: 30/30 MP: 8/8
  2272 | D:2      | Reached XP level 5. HP: 35/35 MP: 5/9
  2473 | D:3      | Found a snail-covered altar of Cheibriados.
  2510 | D:3      | Noticed an ice beast
  2612 | D:3      | Noticed a water moccasin
  2820 | D:3      | Reached *** piety under Kikubaaqudgha
  2820 | D:3      | Received a gift from Kikubaaqudgha
  3576 | D:3      | Killed a water moccasin
  3577 | D:3      | Reached skill level 6 in Ice Magic
  3577 | D:3      | Reached XP level 6. HP: 41/41 MP: 4/11
  3907 | D:4      | Noticed a necrophage
  3921 | D:4      | Killed a necrophage
  3922 | D:4      | Reached XP level 7. HP: 40/46 MP: 2/13
  4032 | D:4      | Noticed Eustachio
  4048 | D:4      | Killed Eustachio
  4272 | D:4      | Found a shadowy altar of Dithmenos.
  4372 | D:4      | Found a burning altar of Makhleb.
  4595 | D:4      | Noticed Menkaure
  4906 | D:5      | Entered Level 5 of the Dungeon
  4991 | D:5      | Learned a level 3 spell: Ozocubu's Armour
  4996 | D:5      | Reached skill level 7 in Ice Magic
  5090 | D:5      | Reached skill level 5 in Spellcasting
  5167 | D:5      | Reached XP level 8. HP: 52/52 MP: 10/15
  5395 | D:5      | Found a runed translucent door.
  5396 | D:5      | Noticed Crazy Yiuf
  5539 | D:5      | Found a staircase to the Ecumenical Temple.
  5935 | D:5      | Killed Crazy Yiuf
  6020 | D:6      | Noticed Maggie
  6797 | D:6      | Learned a level 4 spell: Hailstorm
  6856 | D:5      | Slain by a wight

Illustrated notes

Levels and vault maps discovered:
D:1:      amcnicky_arrival_single_pillar, layout_loops_ring,
          basic_ecumenical_altar, minmay_lizard_pond
D:2:      layout_rooms, serial_shops, shop_coins, minmay_pentomino_o2
D:3:      layout_basic, mainiacjoe_overflow_tiny_flanked,
          minmay_misc_feat_plants
D:4:      layout_loops_cross, bloody_makhleb, nicolae_dithmenos_shadow_blocks,
          uniq_eustachio, uniq_menkaure
D:5:      layout_loops_ring, fedhas_altar_4, minmay_temple_entry_glass,
          uniq_crazy_yiuf_cottage
D:6:      layout_rooms, lemuel_crystal_altar, kennysheep_generic_room_4,
          uniq_maggie, uniq_pikel, uniq_grinder

Skill      XL: |  1  2  3  4  5  6  7  8 |
---------------+-------------------------+-----
Ice Magic      | 5 6 7 |  7.9
Necromancy     | 1 2 3 4 |  4.5
Spellcasting   | 3 4 5 |  5.7
Stealth        | 3 |  3.7
Dodging        | |  2.6

Action                   |  1- 3 |  4- 6 |  7- 9 || total
-------------------------+-------+-------+-------++-------
Melee: Hand axe          |    13 |       |       ||    13
       Dagger            |    68 |    17 |    11 ||    96
       Staff             |       |       |     9 ||     9
 Cast: Freeze            |    33 |    72 |   107 ||   212
       Frozen Ramparts   |       |     2 |     7 ||     9
       Ozocubu's Armour  |       |       |     8 ||     8
Evoke: Wand              |       |       |     1 ||     1
  Use: Scroll            |       |     1 |     4 ||     5
       Potion            |       |     1 |     2 ||     3
 Stab: Sleeping          |     8 |     5 |     6 ||    19
Armor: Robe              |    18 |    11 |    19 ||    48
Dodge: Dodged            |    57 |    39 |    64 ||   160
Block: Other             |       |     2 |    26 ||    28
       Reflection        |       |       |     1 ||     1
